General information
- name: BNet
- type: Ladder team game (AT/RT)
- host: Battle.net
- saver: HASHMEERSASHMIR
map: UpperKingdom
- players: 6
- length: 19:23
- speed: Fast
- version: 1.21 W3XP
- replay type: Public
» download(114 KB)
Players
team 1 (winner)
HASHMEERSASHMIR (
blue | 34 APM | 660 actions | 19:23)
5 Dark Ranger
3 Silence
2 Life Drain
» actions
| Basic commands | 32 | |
| Build / train | 45 | |
| ESC pressed | 5 | |
| Enter build submenu | 22 | |
| Enter hero's abilities submenu | 5 | |
| Remove unit from queue | 4 | |
| Right click | 279 | |
| Select / deselect | 230 | |
| Use ability | 38 | |
660 total
» units
| Peasant | 5 | |
| Footman | 12 | |
| Priest | 1 | |
| Spell Breaker | 7 | |
25 total
» upgrades
| Defend | 1 | |
| Lumber Harvesting | 1 | |
| Priest Training | 1 | |
| Magic Sentry | 1 | |
| Control Magic | 1 | |
5 total
» buildings
| Barracks | 2 | |
| Farm | 8 | |
| Altar of Kings | 1 | |
| Keep | 1 | |
| Lumber Mill | 1 | |
| Arcane Sanctum | 2 | |
| Scout Tower | 2 | |
| Arcane Vault | 1 | |
| Arcane Tower | 1 | |
| Castle | 1 | |
| Blacksmith | 1 | |
21 total
» build order
00:07 Barracks
00:10 Farm
00:17 Barracks
01:13 Farm
02:43 Altar of Kings
03:50 Keep
05:38 Farm
05:40 Farm
05:47 Lumber Mill
06:54 Farm
06:56 Arcane Sanctum
08:47 Scout Tower
08:57 Farm
09:04 Arcane Sanctum
10:24 Farm
10:27 Arcane Vault
10:44 Arcane Tower
11:02 Scout Tower
11:04 Farm
12:02 Castle
15:51 Blacksmith
» items
| Lesser Clarity Potion | 1 | |
| Scroll of Regeneration | 1 | |
2 total

»
CoolEye120 (
pink | 120 APM | 2324 actions | 19:19)
7 Archmage
3 Blizzard
3 Brilliance Aura
1 Mass Teleport
6 Mountain King
3 Storm Bolt
2 Bash
1 Avatar
» actions
| Assign group hotkey | 41 | |
| Basic commands | 447 | |
| Build / train | 79 | |
| ESC pressed | 4 | |
| Enter build submenu | 25 | |
| Enter hero's abilities submenu | 14 | |
| Give item / drop item | 4 | |
| Right click | 374 | |
| Select / deselect | 145 | |
| Select group hotkey | 1124 | |
| Use ability | 67 | |
2324 total
» units
| Peasant | 8 | |
| Rifleman | 11 | |
| Mortar Team | 10 | |
| Siege Engine | 1 | |
30 total
» upgrades
| Gunpowder | 3 | |
| Long Rifles | 1 | |
| Flare | 1 | |
| Armor | 3 | |
| Fragmentation Shards | 1 | |
9 total
» buildings
| Altar of Kings | 1 | |
| Farm | 15 | |
| Lumber Mill | 1 | |
| Scout Tower | 1 | |
| Blacksmith | 1 | |
| Barracks | 1 | |
| Arcane Tower | 3 | |
| Keep | 2 | |
| Arcane Vault | 1 | |
| Workshop | 2 | |
| Castle | 2 | |
30 total
» build order
00:07 Altar of Kings
00:35 Farm
00:52 Lumber Mill
01:06 Scout Tower
01:39 Blacksmith
01:54 Barracks
02:02 Farm
02:15 Arcane Tower
02:15 Arcane Tower
03:16 Keep
03:16 Keep
03:51 Farm
04:14 Arcane Vault
04:19 Farm
05:29 Farm
06:11 Workshop
06:23 Workshop
06:39 Farm
06:54 Farm
09:06 Farm
09:40 Farm
11:11 Farm
12:05 Farm
12:29 Farm
14:00 Castle
14:00 Castle
15:12 Farm
15:29 Farm
15:32 Farm
» items
| Potion of Healing | 2 | |
| Scroll of Regeneration | 1 | |
3 total
illusion[KT] (
green | 34 APM | 660 actions | 19:19)
3 Death Knight
2 Death Coil
1 Unholy Aura
» actions
| Assign group hotkey | 7 | |
| Basic commands | 35 | |
| Build / train | 51 | |
| Enter build submenu | 22 | |
| Enter hero's abilities submenu | 3 | |
| Right click | 212 | |
| Select / deselect | 174 | |
| Select group hotkey | 129 | |
| Use ability | 27 | |
660 total
» units
| Acolyte | 8 | |
| Ghoul | 4 | |
| Crypt Fiend | 11 | |
| Meatwagon | 3 | |
| Necromancer | 6 | |
32 total
» upgrades
| Creature Attack | 3 | |
| Creature Carapace | 3 | |
| Web | 1 | |
| Necromancer Training | 2 | |
| Exhume Corpses | 1 | |
| Skeletal Longevity | 1 | |
| Skeletal Mastery | 1 | |
12 total
» buildings
| Graveyard | 1 | |
| Altar of Darkness | 1 | |
| Ziggurat | 11 | |
| Crypt | 2 | |
| Halls of the Dead | 1 | |
| Temple of the Damned | 2 | |
| Slaughterhouse | 2 | |
| Spirit Tower | 1 | |
| Black Citadel | 1 | |
22 total
» build order
00:17 Graveyard
00:26 Altar of Darkness
00:34 Ziggurat
00:37 Ziggurat
01:46 Crypt
02:37 Ziggurat
02:39 Ziggurat
02:49 Crypt
04:12 Halls of the Dead
05:32 Ziggurat
05:58 Ziggurat
06:06 Ziggurat
06:45 Temple of the Damned
06:54 Slaughterhouse
07:06 Temple of the Damned
07:24 Slaughterhouse
07:46 Spirit Tower
08:54 Black Citadel
11:56 Ziggurat
13:54 Ziggurat
13:55 Ziggurat
13:57 Ziggurat
team 2 (loser)
dutchmaster (
red | 29 APM | 488 actions | 16:43)
2 Mountain King
1 Thunder Clap
1 Storm Bolt
» actions
| Basic commands | 1 | |
| Build / train | 42 | |
| Enter build submenu | 15 | |
| Enter hero's abilities submenu | 2 | |
| Right click | 296 | |
| Select / deselect | 107 | |
| Use ability | 25 | |
488 total
» units
| Peasant | 17 | |
| Footman | 10 | |
| Rifleman | 5 | |
| Knight | 5 | |
37 total
» buildings
| Altar of Kings | 1 | |
| Farm | 7 | |
| Barracks | 1 | |
| Lumber Mill | 1 | |
| Blacksmith | 1 | |
| Keep | 1 | |
| Castle | 1 | |
| Town Hall | 1 | |
14 total
» build order
00:08 Altar of Kings
00:29 Farm
00:46 Barracks
01:19 Lumber Mill
01:50 Blacksmith
02:27 Farm
04:04 Farm
05:48 Farm
06:12 Keep
09:30 Farm
10:22 Farm
10:55 Castle
11:15 Farm
12:59 Town Hall
tokyopoliceclub (
yellow | 136 APM | 2628 actions | 19:19)
4 Warden
2 Shadow Strike
2 Blink
» actions
| Assign group hotkey | 25 | |
| Basic commands | 179 | |
| Build / train | 60 | |
| ESC pressed | 2 | |
| Enter build submenu | 13 | |
| Enter hero's abilities submenu | 4 | |
| Right click | 625 | |
| Select / deselect | 354 | |
| Select group hotkey | 1275 | |
| Use ability | 91 | |
2628 total
» units
| Wisp | 23 | |
| Druid of the Talon | 19 | |
| Faerie Dragon | 3 | |
45 total
» upgrades
| Strength of the Wild | 2 | |
| Reinforced Hides | 2 | |
| Druid of the Talon Training | 2 | |
| Well Spring | 1 | |
7 total
» buildings
| Altar of Elders | 1 | |
| Moon Well | 6 | |
| Tree of Ages | 1 | |
| Hunter's Hall | 1 | |
| Ancient of Wonders | 1 | |
| Ancient of Wind | 2 | |
| Tree of Eternity | 2 | |
| Tree of Life | 1 | |
15 total
» build order
00:11 Altar of Elders
00:13 Moon Well
01:52 Moon Well
02:36 Tree of Ages
02:42 Hunter's Hall
02:48 Ancient of Wonders
03:05 Moon Well
04:35 Moon Well
05:03 Ancient of Wind
05:05 Ancient of Wind
05:41 Tree of Eternity
05:42 Tree of Eternity
05:45 Moon Well
10:37 Tree of Life
10:52 Moon Well

»
MR.CRAP. (
orange | 70 APM | 1173 actions | 16:46)
4 Demon Hunter
2 Mana Burn
2 Evasion
3 Keeper of the Grove
1 Entangling Roots
2 Force of Nature
» actions
| Assign group hotkey | 17 | |
| Basic commands | 30 | |
| Build / train | 43 | |
| Enter build submenu | 20 | |
| Enter hero's abilities submenu | 6 | |
| Right click | 768 | |
| Select / deselect | 145 | |
| Select group hotkey | 105 | |
| Use ability | 39 | |
1173 total
» units
| Wisp | 11 | |
| Archer | 3 | |
| Huntress | 7 | |
| Druid of the Claw | 2 | |
| Dryad | 6 | |
29 total
» upgrades
| Strength of the Moon | 1 | |
| Strength of the Wild | 1 | |
| Druid of the Claw Training | 1 | |
3 total
» buildings
| Altar of Elders | 1 | |
| Moon Well | 9 | |
| Ancient of War | 1 | |
| Hunter's Hall | 1 | |
| Ancient of Wonders | 1 | |
| Tree of Ages | 1 | |
| Ancient of Lore | 2 | |
| Ancient of Wind | 2 | |
18 total
» build order
00:06 Altar of Elders
00:20 Moon Well
00:35 Ancient of War
02:22 Moon Well
02:43 Hunter's Hall
04:07 Moon Well
04:12 Moon Well
05:17 Moon Well
05:25 Ancient of Wonders
06:19 Moon Well
06:34 Tree of Ages
09:16 Ancient of Lore
09:21 Ancient of Lore
10:18 Ancient of Wind
11:18 Moon Well
13:48 Moon Well
15:22 Ancient of Wind
15:25 Moon Well
Chat log
(00:25 / Allies) HASHMEERSASHMIR: kets do dis
(00:35 / Allies) HASHMEERSASHMIR: hustle niggers
(00:49 / Allies) illusion[KT]: dont call me nigger plz
(00:55 / Allies) HASHMEERSASHMIR: i need wood
(00:59 / Allies) HASHMEERSASHMIR: someone give wood or we are fucked
(01:10 / Allies) HASHMEERSASHMIR: nm
(02:02 / Allies) HASHMEERSASHMIR: im ready to rush
(02:18 / Allies) illusion[KT]: go for it
(03:03 / Allies) HASHMEERSASHMIR: F his A up
(03:41 / Allies) HASHMEERSASHMIR: fuckin owned
(04:14 / All) tokyopoliceclub: how did u mass so fuckin fast?
(04:23 / All) HASHMEERSASHMIR: watch tyhe replay nigger
(04:27 / All) tokyopoliceclub: ok
(04:30 / All) HASHMEERSASHMIR: im fuckin pro
(04:37 / All) tokyopoliceclub: i no
(04:37 / All) HASHMEERSASHMIR: i dont have a hero remember?
(04:39 / All) tokyopoliceclub: no sarcasm
(04:42 / All) tokyopoliceclub: nice
(04:47 / All) tokyopoliceclub: altar for barracks?
(05:12 / Allies) HASHMEERSASHMIR: take their cpreeps
(05:13 / Allies) HASHMEERSASHMIR: come on
(05:31 / Allies) HASHMEERSASHMIR: someone put man there
(05:42 / Allies) HASHMEERSASHMIR: and share
(06:10 / Allies) HASHMEERSASHMIR: green share
(06:23 / Allies) HASHMEERSASHMIR: k
(06:47 / Allies) CoolEye120: come green
(07:10 / Allies) CoolEye120: come green
(07:11 / Allies) CoolEye120: fuck
(07:17 / Allies) illusion[KT]: comin
(07:51 / Allies) HASHMEERSASHMIR: fuck
(07:53 / Allies) HASHMEERSASHMIR: coudlnt click
(07:54 / Allies) illusion[KT]: comin
(07:58 / Allies) HASHMEERSASHMIR: b off
(07:59 / Allies) HASHMEERSASHMIR: b off
(08:01 / Allies) HASHMEERSASHMIR: b offf
(08:03 / Allies) HASHMEERSASHMIR: B OFF
(08:17 / Allies) HASHMEERSASHMIR: keep this shit paused ok?
(08:21 / Allies) HASHMEERSASHMIR: my movie i DLed started to play
(08:24 / All) MR.CRAP.: ?
(08:35 / Allies) HASHMEERSASHMIR: k
(09:14 / Allies) illusion[KT]: can i have
(11:01 / Allies) CoolEye120: green move
(11:04 / Allies) CoolEye120: creeping
(12:30 / Allies) illusion[KT]: i think they getn ready to attack
(12:35 / Allies) illusion[KT]: ty blu
(12:38 / Allies) CoolEye120: come green
(13:11 / Allies) HASHMEERSASHMIR: gtfo
(13:12 / Allies) HASHMEERSASHMIR: gtfo
(13:32 / Allies) HASHMEERSASHMIR: we got this
(13:39 / Allies) HASHMEERSASHMIR: im making sbs now
(14:39 / Allies) illusion[KT]: necs comin
(16:02 / All) tokyopoliceclub: oj has 2.5k
(16:09 / All) HASHMEERSASHMIR: whats he buyin
(16:17 / All) tokyopoliceclub: nothing!
(16:18 / All) HASHMEERSASHMIR: i better not dc
(16:48 / All) HASHMEERSASHMIR: ownfest 99
(16:57 / Allies) HASHMEERSASHMIR: gg guyz
(17:02 / Allies) HASHMEERSASHMIR: pro rush no?
(17:11 / All) HASHMEERSASHMIR: check the replay man see how i did it
(17:16 / All) tokyopoliceclub: I will
(17:25 / All) HASHMEERSASHMIR: its just the first little bit
(17:30 / All) tokyopoliceclub: kk
(17:38 / All) HASHMEERSASHMIR: then i focus the rush thats it
(17:44 / All) HASHMEERSASHMIR: i even stall i coulda did it earlier
(17:49 / All) tokyopoliceclub: lol
(18:02 / All) HASHMEERSASHMIR: but now i have SBs its over
(18:23 / All) HASHMEERSASHMIR: your talons are ded
(18:36 / Allies) illusion[KT]: we owned
(18:59 / All) tokyopoliceclub: damn morts
(19:04 / All) tokyopoliceclub: so gay
(19:07 / All) HASHMEERSASHMIR: SBs too
(19:09 / All) tokyopoliceclub: how they added the schrapnel
(19:15 / All) tokyopoliceclub: gg